 Dungeon Crawl Stone Soup version 0.20.1-1-g8b1a95d66d (webtiles) character file.

352 Peloso the Shield-Bearer (level 6, -2/42 HPs)
             Began as a Halfling Fighter on Dec 3, 2017.
             Slain by an orc
             ... wielding a +0 flail
              (5 damage)
             ... on level 3 of the Dungeon.
             The game lasted 00:05:37 (2712 turns).

Peloso the Shield-Bearer (Halfling Fighter)         Turns: 2712, Time: 00:05:38

Health: -2/42      AC: 13    Str: 24    XL:     6   Next: 94%
Magic:  6/6        EV:  7    Int:  6    God:
Gold:   100        SH: 11    Dex: 14    Spells: 5/5 levels left

rFire    . . .     SeeInvis .   a - +0 long sword
rCold    . . .     Gourm    .   c - +0 shield
rNeg     . . .     Faith    .   u - +0 plate armour
rPois    .         Spirit   .   (no helmet)
rElec    .         Reflect  .   g - +0 cloak
rCorr    .         Harm     .   (no gloves)
MR       ++...                  (no boots)
Stlth    ..........             (no amulet)
Regen    0.2/turn               s - ring of protection from magic
MPRegen  0.1/turn               r - ring of protection from magic

@: mighty
A: mutation resistance 1
a: no special abilities


You were on level 3 of the Dungeon.
You were hungry.

You visited 1 branch of the dungeon, and saw 3 of its levels.

You collected 100 gold pieces.

Inventory:

Hand Weapons
 a - a +0 long sword (weapon)
Armour
 c - a +0 shield (worn)
 g - a +0 cloak (worn)
 u - a +0 plate armour (worn)
Jewellery
 r - a ring of protection from magic (right hand)
 s - a ring of protection from magic (left hand)
Scrolls
 j - 3 scrolls of teleportation {unknown}
 m - 2 scrolls of identify {unknown}
 n - a scroll of fear {unknown}
 o - 2 scrolls of enchant weapon {unknown}
 p - 3 scrolls of remove curse {unknown}
 q - a scroll of random uselessness {unknown}
Potions
 e - a potion of curing {unknown}
 h - a potion of flight {unknown}
 i - 2 potions of brilliance {unknown}
 k - a potion of invisibility {unknown}
Comestibles
 f - 5 bread rations
 l - a fruit
 t - a meat ration


   Skills:
 + Level 3.3 Fighting
 + Level 4.3 Long Blades
 + Level 4.5 Armour
 + Level 1.3 Dodging
 + Level 0.8 Stealth
 + Level 4.7 Shields


You had 5 spell levels left.
You didn't know any spells.

Dungeon Overview and Level Annotations

Branches:
Dungeon (3/15)

Altars:
Kikubaaqudgha

Annotations:
D:3 Jessica


Innate Abilities, Weirdness & Mutations

You are small and have problems with some larger weapons.
You are somewhat resistant to further mutation.


Message History

Jessica blinks!
You block the orc priest's attack. The orc closely misses you.
The orc barely misses you.
You riposte.
You slash the orc!
You kill the orc!
The orc priest calls down the wrath of Beogh upon you.
You resist with almost no effort.
The orc priest hits you but does no damage.
You closely miss the orc priest. The orc hits you with a flail.
The orc priest barely misses you.
The orc priest invokes the aid of Beogh against you.
You resist with almost no effort.
Unknown command.
You closely miss the orc priest. The orc hits you but does no damage.
You block the orc priest's attack.
Jessica gestures wildly while chanting.
Jessica blinks!
The orc priest invokes the aid of Beogh against you.
Beogh smites you!
* * * LOW HITPOINT WARNING * * *
You completely miss the orc priest. The orc hits you with a flail.
You die...

(.).....####
(..........##
............#
(...........#
............#########
........#.#.[.......#
..####..............#
..#
#..#.#.@..(.o..#### .
#..........@§g.....
#..........oo..####
................#
....#####...........
.... #######.#### ...
.# .# ..


You could see 2 orc priests, Jessica, an orc and a hobgoblin.

Vanquished Creatures
  2 phantoms
  The ghost of fartsinmyface the Ducker, a weakling FeEn (D:3)
  Ijyb (D:3)
  4 adders
  An ooze (D:3)
  2 worms
  3 dart slugs
  2 leopard geckos
  2 orcs (D:3)
  9 giant cockroaches
  6 goblins
  8 hobgoblins
  7 jackals
  2 quokkas
  7 bats
  2 frilled lizards
  5 kobolds
  5 rats
69 creatures vanquished.

Notes
Turn   | Place    | Note
-------+----------+-------------------------------------------
     0 | D:1      | Peloso the Halfling Fighter began the quest for the Orb.
     0 | D:1      | Reached XP level 1. HP: 15/15 MP: 1/1
   184 | D:1      | Reached XP level 2. HP: 20/20 MP: 2/2
   622 | D:2      | Reached XP level 3. HP: 25/25 MP: 3/3
   675 | D:2      | Reached XP level 4. HP: 16/30 MP: 4/4
  1034 | D:2      | Found an ancient bone altar of Kikubaaqudgha.
  1563 | D:3      | Reached XP level 5. HP: 35/36 MP: 5/5
  1769 | D:3      | Noticed a phantom
  1773 | D:3      | Noticed fartsinmyface's ghost (weakling FeEn)
  1985 | D:2      | Killed a phantom
  1985 | D:2      | Reached skill level 1 in Dodging
  1985 | D:2      | Reached XP level 6. HP: 35/42 MP: 6/6
  2349 | D:3      | Killed fartsinmyface's ghost
  2593 | D:3      | Noticed a phantom
  2643 | D:3      | Killed a phantom
  2655 | D:3      | Noticed Ijyb
  2685 | D:3      | Killed Ijyb
  2703 | D:3      | Noticed Jessica
  2712 | D:3      | Slain by an orc

Skill      XL: |  1  2  3  4  5  6 |
---------------+-------------------+-----
Fighting       | 3 |  3.3
Long Blades    | 3 4 |  4.3
Armour         | 4 |  4.5
Shields        | 4 |  4.7
Dodging        | 1 |  1.3
Stealth        | |  0.8

Action                   |  1- 3 |  4- 6 || total
-------------------------+-------+-------++-------
Melee: Long sword        |    76 |   261 ||   337
  Use: Potion            |       |     1 ||     1
  Eat: Chunk             |       |     5 ||     5
       Fruit             |       |     1 ||     1
Armor: Scale mail        |    74 |    56 ||   130
       Plate armour      |       |    94 ||    94
Dodge: Dodged            |    60 |    90 ||   150
Block: Shield            |    59 |   161 ||   220
       Rpst.: Long sword |    18 |    26 ||    44
